[Event "*** Titled Tuesday Blitz"]
[Site "Chess.com"]
[Date "2018.09.04"]
[Round "8"]
[White "Superfelix"]
[Black "Haykos"]
[Result "0-1"]
[WhiteElo "2364"]
[BlackElo "2538"]
[TimeControl "180+2"]
[EndTime "15:21:59 PDT"]
[Termination "Haykos won by resignation"]

1. e4 e5 2. Nf3 Nc6 3. d4 exd4 4. Nxd4 Qh4 5. Nc3 Bb4 6. Be2 Nge7 7. O-O O-O 8. Nf3 Qf6 9. Nd5 Nxd5 10. exd5 Ne5 11.
Nd4 d6 12. c3 Bc5 13. Be3 Re8 14. Qd2 h6 15. h3 Bd7 16. Rae1 Ng6 17. Bg4 Bxg4 18.
hxg4 Re5 19. Nf5 Bxe3 20. Rxe3 Rae8 21. Rfe1 b6 22. g3 Rxe3 23. Rxe3 Rxe3 24. Qxe3 Qe5 25. Qxe5 Nxe5 26. Ne7+ Kf8 27. Nc8 a6 28. Na7 Nd3 29. b4 Nc1 30. a4 Ne2+ 31. Kg2 Nxc3 32. a5 Nxd5 33. Nc6 bxa5 34. bxa5 Ke8 35. Nb8 Nb4 36.
Nc6 Nxc6 0-1

[Event "*** Titled Tuesday Blitz"]
[Site "Chess.com"]
[Date "2018.09.04"]
[Round "8"]
[White "ItalianMachine"]
[Black "Quiet_Desperation"]
[Result "0-1"]
[WhiteElo "2288"]
[BlackElo "1912"]
[TimeControl "180+2"]
[EndTime "15:22:17 PDT"]
[Termination "Quiet_Desperation won by resignation"]

1. c4 Nf6 2. d4 e6 3. Nf3 Bb4+ 4. Bd2 Qe7 5. a3 Bxd2+ 6. Nbxd2 d6 7. e4 O-O 8. Bd3 e5 9. d5 c6 10. O-O cxd5 11.
cxd5 Bg4 12. Qb3 Nh5 13. Rfe1 Nf4 14. Bf1 Nd7 15. Qe3 a5 16. Rac1 Rfc8 17. h3 Bxf3 18.
Qxf3 Nc5 19. g3 Ng6 20. Nc4 Rf8 21. b4 axb4 22. axb4 Na6 23. Nb6 Rab8 24. Qa3 f5 25. exf5 Rxf5 26. Bxa6 bxa6 27. Qxa6 Rbf8 28. Re2 e4 29.
Rc8 Ne5 30. Rxf8+ Rxf8 31. Kg2 Qf6 32. Rc2 Qf3+ 33. Kh2 Qd1 34. Qe2 Nf3+ 0-1

[Event "*** Titled Tuesday Blitz"]
[Site "Chess.com"]
[Date "2018.09.04"]
[Round "8"]
[White "jeetjain"]
[Black "arna"]
[Result "1-0"]
[WhiteElo "2311"]
[BlackElo "2099"]
[TimeControl "180+2"]
[EndTime "15:22:20 PDT"]
[Termination "jeetjain won by resignation"]

1. e4 c5 2. Nf3 g6 3. d4 cxd4 4.
Nxd4 Bg7 5. Nc3 Nc6 6. Nb3 Nf6 7. Be2 O-O 8. O-O d6 9. Bg5 h6 10. Bh4 Bd7 11. Kh1 Rc8 12. f4 Re8 13. Bf2 b6 14. Bh4 Nb8 15. a4 Rxc3 16. Bxf6 Bxf6 17. bxc3 Bxc3 18.
Ra2 Nc6 19. Rf3 Nb4 20. Rxc3 Nxa2 21. Rg3 Qc7 22. f5 g5 23. Bd3 Nc3 24. Qh5 Kg7 25.
h4 d5 26. Rg4 Rh8 27. hxg5 Kf8 28. g6 fxg6 29. fxg6 Qd6 30. g7+ 1-0

[Event "*** Titled Tuesday Blitz"]
[Site "Chess.com"]
[Date "2018.09.04"]
[Round "8"]
[White "northridgehawk"]
[Black "inegrepus"]
[Result "0-1"]
[WhiteElo "2109"]
[BlackElo "2205"]
[TimeControl "180+2"]
[EndTime "15:22:28 PDT"]
[Termination "inegrepus won by resignation"]

1. e4 e6 2. Nc3 d5 3. Nf3 dxe4 4. Nxe4 Nd7 5. d4 Ngf6 6. Bd3 c5 7. dxc5 Nxc5 8.
Nxc5 Bxc5 9. O-O O-O 10. Qe2 Qc7 11. c3 b6 12. Bg5 Bb7 13. Bxf6 gxf6 14. Nd2 Rad8 15.
Bc2 Qf4 16. Ne4 Be7 17. Rad1 f5 18. Ng3 Bf6 19. Nh5 Qg5 20. f4 Qg6 21. g4 Be7 22.
Kf2 Bh4+ 23. Ke3 Rxd1 24. Qxd1 Rd8 25. Qe2 Qxg4 26. Qxg4+ fxg4 27. f5 Bg5+ 28. Nf4 e5 0-1

[Event "*** Titled Tuesday Blitz"]
[Site "Chess.com"]
[Date "2018.09.04"]
[Round "8"]
[White "JonahWillow"]
[Black "SaraciNderim"]
[Result "1-0"]
[WhiteElo "2723"]
[BlackElo "2509"]
[TimeControl "180+2"]
[EndTime "15:22:33 PDT"]
[Termination "JonahWillow won by resignation"]

1. Nc3 c5 2. Ne4 e6 3. f4 d5 4. Nf2 Nc6 5. Nf3 Bd6 6. g3 Nge7 7. Bg2 O-O 8. O-O e5 9. fxe5 Nxe5 10. Nxe5 Bxe5 11. e3 Rb8 12. d4 Bd6 13. b3 b6 14.
e4 cxd4 15. exd5 Bb7 16. Bb2 Be5 17. Ng4 f6 18. Bxd4 Bxd4+ 19. Qxd4 Bxd5 20. Rad1 Bxg2 21. Nxf6+ gxf6 22. Qg4+ Ng6 23. Rxd8 Rbxd8 24. Kxg2 Kh8 25. h4 Ne5 26. Qe6 Rde8 27. Qf5 Nc6 28. h5 Nd4 29. Qf4 Ne6 30. Qh4 Ng5 31. h6 Re2+ 32. Rf2 Rfe8 33.
Rxe2 Rxe2+ 34. Kf1 Re8 35. Qd4 Ne4 36. Kg2 1-0

[Event "*** Titled Tuesday Blitz"]
[Site "Chess.com"]
[Date "2018.09.04"]
[Round "8"]
[White "Squirlolz"]
[Black "snowlord"]
[Result "0-1"]
[WhiteElo "2497"]
[BlackElo "2704"]
[TimeControl "180+2"]
[EndTime "15:22:44 PDT"]
[Termination "snowlord won by checkmate"]

1. e4 e5 2. Nf3 Nc6 3. Bb5 a6 4. Ba4 Nf6 5. O-O Be7 6. Re1 b5 7. Bb3 d6 8. c3 O-O 9. h3 Nb8 10. d4 Nbd7 11. Nbd2 Bb7 12. Bc2 Re8 13. a4 c5 14. Nf1 Bf8 15. d5 c4 16. g4 Nc5 17.
Ng3 Nfd7 18. Nf5 Nb6 19. a5 Nbd7 20. Nh2 g6 21. Nh6+ Bxh6 22. Bxh6 Qh4 23. Qd2 f6 24. Be3 Qxh3 25. f3 Nb3 26. Bxb3 cxb3 27. Qf2 Kf7 28. Nf1 f5 29. exf5 gxf5 30. Ng3 Bxd5 31.
Nxf5 Bxf3 32. Nxd6+ Ke6 33. Nxe8 Qh1# 0-1

[Event "*** Titled Tuesday Blitz"]
[Site "Chess.com"]
[Date "2018.09.04"]
[Round "8"]
[White "Cryptochess"]
[Black "Polish_fighter3000"]
[Result "0-1"]
[WhiteElo "2538"]
[BlackElo "2905"]
[TimeControl "180+2"]
[EndTime "15:22:45 PDT"]
[Termination "Polish_fighter3000 won by resignation"]

1. e4 e6 2. d4 d5 3. Nc3 Bb4 4.
e5 c5 5. a3 Bxc3+ 6. bxc3 Qc7 7. Qg4 f6 8. exf6 Nxf6 9. Qg3 Qa5 10. Bd2 O-O 11. c4 Qxd2+ 12. Kxd2 Ne4+ 13. Ke3 Nxg3 14. hxg3 cxd4+ 15. Kxd4 Rxf2 16. Bd3 h6 17. cxd5 exd5 18.
Kxd5 Nc6 19. Re1 Bg4 20. Nh3 Rxg2 21. Nf4 Rxg3 22. Kc5 Rc8 23. Bc4+ Kh8 24. Kd6 Rc3 25. Be6 Bxe6 26. Nxe6 Rxc2 27. Kd7 Nb8+ 28. Ke7 Nc6+ 29.
Kd7 Rg8 30. Ng5 Nb8+ 31. Kd6 Rd8+ 32. Ke7 Nc6+ 33. Kf7 Rf2+ 34. Kg6 Rf6+ 35. Kh5 Rf5 0-1

[Event "*** Titled Tuesday Blitz"]
[Site "Chess.com"]
[Date "2018.09.04"]
[Round "8"]
[White "chess_rehab"]
[Black "mjray79"]
[Result "0-1"]
[WhiteElo "2212"]
[BlackElo "2040"]
[TimeControl "180+2"]
[EndTime "15:22:45 PDT"]
[Termination "mjray79 won by resignation"]

1. e4 c5 2. Nf3 d6 3. d4 cxd4 4. Nxd4 Nf6 5. Nc3 g6 6. Be3 Bg7 7. f3 O-O 8. Qd2 Nc6 9. O-O-O d5 10. Nxc6 bxc6 11. Bh6 Be6 12. e5 Nd7 13. Bxg7 Kxg7 14. h4 Nxe5 15. h5 Rh8 16. Re1 Qd6 17. Qd4 f6 18. f4 Nf7 19. Qe3 Bg4 20. hxg6 hxg6 21. Rxh8 Rxh8 22. Qxe7 Qxf4+ 23. Kb1 Rh1 24. Bd3 Qh2 25.
a3 Qxg2 26. Rxh1 Qxh1+ 27. Ka2 Qg1 28. b4 Qd4 29. Kb3 f5 30. Na4 f4 31. Nc5 f3 32.
Qg5 Nxg5 0-1

[Event "*** Titled Tuesday Blitz"]
[Site "Chess.com"]
[Date "2018.09.04"]
[Round "8"]
[White "enriquetejedor"]
[Black "RU_B9"]
[Result "1-0"]
[WhiteElo "2347"]
[BlackElo "1988"]
[TimeControl "180+2"]
[EndTime "15:22:49 PDT"]
[Termination "enriquetejedor won by resignation"]

1. e4 c5 2. Na3 g6 3. c3 Bg7 4. Nf3 Nc6 5. d4 cxd4 6. cxd4 d6 7. h3 Nf6 8. Bd3 O-O 9. O-O e5 10. d5 Ne7 11. Bd2 Nh5 12. Bb4 Nf4 13. Nc4 a5 14. Bxd6 b5 15. Bxe7 Qxe7 16. Na3 b4 17. Nc4 g5 18. Nh2 h5 19. Ne3 Nxd3 20. Qxd3 Ba6 21. Qd1 Bxf1 22. Nhxf1 h4 23. Nf5 Qa7 24. Qh5 Rac8 25.
Qxg5 f6 26. Qxh4 Rc4 27. b3 Rc2 28. N1e3 Rfc8 29. Nxc2 Rxc2 30. Ne3 Rc8 31. Qg3 Qd4 32. Rd1 Qb2 33. d6 Rd8 34. Nf5 Rd7 35. Nxg7 Rxg7 36. Qxg7+ Kxg7 37. d7 1-0

[Event "*** Titled Tuesday Blitz"]
[Site "Chess.com"]
[Date "2018.09.04"]
[Round "8"]
[White "NateSolon"]
[Black "Jbd735"]
[Result "1-0"]
[WhiteElo "2507"]
[BlackElo "2347"]
[TimeControl "180+2"]
[EndTime "15:22:52 PDT"]
[Termination "NateSolon won on time"]

1. d4 d5 2. Bf4 Nf6 3. e3 e6 4. Nf3 Bd6 5. Bg3 Ne4 6. Nbd2 Nxg3 7. hxg3 c5 8. c3 Nc6 9. Bd3 f5 10. Qe2 Qf6 11. O-O-O Bd7 12. Kb1 c4 13. Bc2 b5 14. g4 fxg4 15. Nh2 O-O-O 16. Nxg4 Qf7 17. Nf3 Rdf8 18. Ng5 Qe7 19. f4 h5 20. Nf2 Kc7 21.
Rxh5 Rxh5 22. Qxh5 b4 23. cxb4 Nxb4 24. Bg6 Rb8 25. Rc1 a5 26. Ka1 Ba4 27. Qg4 Bd7 28. Qe2 1-0

[Event "*** Titled Tuesday Blitz"]
[Site "Chess.com"]
[Date "2018.09.04"]
[Round "8"]
[White "chessmaxusa"]
[Black "chesstatour"]
[Result "1-0"]
[WhiteElo "2490"]
[BlackElo "1999"]
[TimeControl "180+2"]
[EndTime "15:22:55 PDT"]
[Termination "chessmaxusa won on time"]

1. d4 d6 2. Nf3 g6 3. Bf4 Bg7 4. e3 f5 5. h3 Nf6 6. Be2 O-O 7. O-O c6 8. c4 Bd7 9. Nc3 a5 10. Rc1 Na6 11. a3 Qe8 12. Bh2 Rd8 13. Re1 Bc8 14. Qa4 Ne4 15. Qxa5 c5 16. Red1 h6 17. b4 Nxc3 18.
Rxc3 Bd7 19. Rcd3 cxd4 20. exd4 f4 21. Bf1 Rf5 22. Qb6 Bc8 23. Re1 Qd7 24. c5 Nb8 25. d5 dxc5 26. bxc5 Rxd5 27. Rxd5 Qxd5 28. Rxe7 Nc6 29.
Re1 g5 30. Rc1 Nd4 31. Bc4 1-0

[Event "*** Titled Tuesday Blitz"]
[Site "Chess.com"]
[Date "2018.09.04"]
[Round "8"]
[White "Sanan_Sjugirov"]
[Black "afgano29"]
[Result "1-0"]
[WhiteElo "2868"]
[BlackElo "2692"]
[TimeControl "180+2"]
[EndTime "15:22:57 PDT"]
[Termination "Sanan_Sjugirov won on time"]

1. e4 e6 2. d4 d5 3. Nd2 Nf6 4. e5 Nfd7 5. f4 c5 6. Ngf3 Nc6 7. Bd3 cxd4 8. Nb3 Nc5 9. Nbxd4 Nxd4 10. Nxd4 Qb6 11. O-O Bd7 12. Kh1 Nxd3 13. Qxd3 Bc5 14. Be3 O-O 15. Rab1 Qa6 16. Qd2 Rac8 17. a3 Rfd8 18. c3 Qc4 19. Rf3 Bb5 20. Re1 Qd3 21.
Qf2 Qc4 22. f5 exf5 23. Nxf5 Bd7 24. Nxg7 Bxe3 25. Rexe3 Kxg7 26. Rxf7+ Kg8 27. Rg3+ Bg4 28. Qf6 1-0

[Event "*** Titled Tuesday Blitz"]
[Site "Chess.com"]
[Date "2018.09.04"]
[Round "8"]
[White "ozates"]
[Black "joejan"]
[Result "1/2-1/2"]
[WhiteElo "2380"]
[BlackElo "2236"]
[TimeControl "180+2"]
[EndTime "15:23:11 PDT"]
[Termination "Game drawn by repetition"]

1. e4 c5 2. Nf3 d6 3. d4 cxd4 4. Nxd4 Nf6 5. Nc3 a6 6. Bg5 e6 7. Qe2 Be7 8. O-O-O Nbd7 9. f4 Qc7 10. g4 h6 11. Bh4 b5 12. Bg2 Bb7 13. e5 dxe5 14.
fxe5 Nd5 15. Nxd5 Bxd5 16. Bxd5 exd5 17. Bxe7 Kxe7 18. Nf5+ Kf8 19. Rxd5 Re8 20. Rhd1 Nxe5 21. Qf2 Nxg4 22. Qd4 Nf6 23. Rd6 Qc4 24. Qxc4 bxc4 25. Nxg7 Re2 26. Nf5 Re6 27. Rxe6 fxe6 28. Rd8+ Ne8 29.
Nd6 Ke7 30. Rxe8+ Rxe8 31. Nxe8 Kxe8 32. b4 cxb3 33. cxb3 Kd7 34. Kd2 Kd6 35. Ke3 Kd5 36. a3 e5 37. Kd3 e4+ 38. Ke3 Ke5 39. h4 h5 40. b4 Kd5 41. a4 Kc4 42. b5 axb5 43. axb5 Kxb5 44. Kxe4 Kc6 45. Kf5 Kd6 46. Kf6 Kd7 47. Kf7 Kd8 48. Kf8 Kd7 49. Kf7 Kd8 50. Kf8 Kd7 51. Kf7 Kd8 52. Kf8 Kd7 53. Kf7 1/2-1/2

[Event "*** Titled Tuesday Blitz"]
[Site "Chess.com"]
[Date "2018.09.04"]
[Round "8"]
[White "platy3"]
[Black "Genghis_K"]
[Result "0-1"]
[WhiteElo "2742"]
[BlackElo "2860"]
[TimeControl "180+2"]
[EndTime "15:23:13 PDT"]
[Termination "Genghis_K won on time"]

1. e4 e5 2. Nf3 Nc6 3. Bb5 Nf6 4. d3 d6 5. O-O Be7 6. c3 O-O 7. Re1 a6 8. Ba4 b5 9. Bc2 d5 10. Nbd2 d4 11. cxd4 exd4 12. h3 Nd7 13. Nb3 Nb6 14. Bf4 Na4 15. Rb1 Be6 16. a3 Qd7 17.
Ng5 Nd8 18. Qd2 c5 19. Na5 Nb6 20. Bb3 Bxg5 21. Bxg5 Bxb3 22. Bxd8 Rfxd8 23. Nxb3 c4 24. Nc5 Qe7 25. b4 c3 26. Qf4 a5 27. e5 axb4 28.
axb4 Na4 29. Ne4 Nb2 30. Nc5 Rac8 31. e6 Rxc5 32. bxc5 Nxd3 33. exf7+ Qxf7 34. Qh4 Qf6 35. Qh5 Qxf2+ 36. Kh1 Nxe1 0-1

[Event "*** Titled Tuesday Blitz"]
[Site "Chess.com"]
[Date "2018.09.04"]
[Round "8"]
[White "lexisvar"]
[Black "MFBerna"]
[Result "0-1"]
[WhiteElo "2434"]
[BlackElo "2379"]
[TimeControl "180+2"]
[EndTime "15:23:26 PDT"]
[Termination "MFBerna won on time"]

1. e4 c6 2. d4 d5 3. e5 c5 4. c3 Nc6 5. Bb5 e6 6. Nf3 Bd7 7. Bd3 cxd4 8. cxd4 Nge7 9. O-O Nf5 10. Bxf5 exf5 11.
Nc3 Be6 12. a3 Be7 13. b4 O-O 14. Be3 Qd7 15. Na4 b6 16. Nc3 h6 17. Qa4 g5 18.
Rfd1 f4 19. Bc1 Kg7 20. Bb2 Rac8 21. Rac1 Bg4 22. Rd3 Bf5 23. Rd2 g4 24. Ne1 f3 25.
b5 Na5 26. Nd1 Nc4 27. Bc3 Bg5 28. Rdc2 a5 29. Qb3 a4 30. Qb4 Be7 31. Qxa4 Ra8 32.
Qb3 Rxa3 33. Qb1 Rfa8 34. Bb4 Ra1 35. Bxe7 Qxe7 36. Qb3 R8a3 0-1

[Event "*** Titled Tuesday Blitz"]
[Site "Chess.com"]
[Date "2018.09.04"]
[Round "8"]
[White "area_5"]
[Black "Rashad_Zeynalli"]
[Result "0-1"]
[WhiteElo "2575"]
[BlackElo "2369"]
[TimeControl "180+2"]
[EndTime "15:23:27 PDT"]
[Termination "Rashad_Zeynalli won by resignation"]

1. b3 f5 2. Bb2 Nf6 3. d3 g6 4. Nd2 Bg7 5. g3 O-O 6. Bg2 d6 7. c4 e5 8. Qc2 Nc6 9. a3 a5 10. Ngf3 h6 11. O-O g5 12. b4 axb4 13. axb4 Rxa1 14. Rxa1 Nxb4 15. Qb3 Nc6 16. c5+ Kh8 17.
cxd6 cxd6 18. Nc4 Qc7 19. Nb6 Nd7 20. Nd5 Qb8 21. Ba3 e4 22. dxe4 Bxa1 23. exf5 Bg7 24. e4 Nde5 25. Nxe5 Nxe5 26. h4 gxh4 27. gxh4 Bd7 28.
Bc1 Bc6 29. Nf4 Qa7 30. Ne6 Qa1 31. Qc2 Rc8 32. Nxg7 Bd7 33. Qb3 Qxc1+ 34. Kh2 Qf4+ 35. Kh3 Qg4+ 36. Kh2 Qxh4+ 37. Bh3 Qxf2+ 38. Bg2 Qh4+ 39. Bh3 Ng4+ 40. Kg2 Qf2+ 0-1

[Event "*** Titled Tuesday Blitz"]
[Site "Chess.com"]
[Date "2018.09.04"]
[Round "8"]
[White "GreatDamnedRedSpot"]
[Black "suyu28"]
[Result "0-1"]
[WhiteElo "2314"]
[BlackElo "2481"]
[TimeControl "180+2"]
[EndTime "15:23:28 PDT"]
[Termination "suyu28 won by resignation"]

1. e4 e5 2. Nf3 Nc6 3. Nc3 Nf6 4. Bb5 Bb4 5. Bxc6 dxc6 6. Qe2 Nd7 7. d3 O-O 8. Bd2 f6 9. h3 Re8 10. g4 Nf8 11. Nh4 a5 12. a3 Bc5 13. Be3 Bd4 14. Nd1 g6 15. Ng2 Ne6 16. c3 Bc5 17. f3 b6 18. Nf2 Ba6 19. h4 Qd7 20. O-O a4 21.
Rfd1 Rad8 22. Rd2 f5 23. exf5 gxf5 24. gxf5 Nf4 25. Bxf4 exf4 26. Qd1 Qxf5 27. Kh2 Bxf2 28. Rxf2 Kh8 29. Qxa4 Rg8 30. Qxa6 Rg3 31. Qc4 Qh3+ 32. Kg1 Qxh4 33. Qxc6 Rdg8 34. Kf1 Rxg2 0-1

[Event "*** Titled Tuesday Blitz"]
[Site "Chess.com"]
[Date "2018.09.04"]
[Round "8"]
[White "lavr92"]
[Black "ENEASZ"]
[Result "1-0"]
[WhiteElo "2604"]
[BlackElo "2542"]
[TimeControl "180+2"]
[EndTime "15:23:29 PDT"]
[Termination "lavr92 won by checkmate"]

1. d4 d5 2. c4 e6 3. Nc3 Nf6 4. cxd5 exd5 5. Bg5 Be7 6. e3 c6 7. Bd3 Nbd7 8. h3 a6 9. Nge2 Nh5 10.
Bxe7 Qxe7 11. Qc2 g6 12. O-O-O Nb6 13. Kb1 Ng7 14. g4 h5 15. Rhg1 Bd7 16. Qb3 Qd8 17.
e4 Be6 18. e5 Qc7 19. f4 hxg4 20. hxg4 O-O-O 21. Qc2 Qd7 22. Qb3 Kc7 23. a4 a5 24.
Rc1 Rh3 25. Nb5+ Kb8 26. Nd6 Nc4 27. Ka2 Nxd6 28. exd6 Bxg4 29. Rxg4 Qxg4 30. Rxc6 Qxe2 31. Rc7 b5 32. Qxb5+ Ka8 33. Qb7# 1-0

[Event "*** Titled Tuesday Blitz"]
[Site "Chess.com"]
[Date "2018.09.04"]
[Round "8"]
[White "maziarbagheri"]
[Black "Synctel"]
[Result "1-0"]
[WhiteElo "2311"]
[BlackElo "1892"]
[TimeControl "180+2"]
[EndTime "15:23:31 PDT"]
[Termination "maziarbagheri won on time"]

1. e4 e6 2. d4 d5 3. Nc3 Nf6 4. Bg5 Bb4 5. e5 h6 6. Bd2 Bxc3 7. bxc3 Ne4 8. c4 Nc6 9. c3 O-O 10. Nf3 Ne7 11. Qc2 Nxd2 12. Nxd2 b6 13. Rb1 Ba6 14. Bd3 Bxc4 15. Bxc4 dxc4 16. Nxc4 Qd5 17. Ne3 Qa5 18. O-O c5 19. Nc4 Qa6 20. Nd6 cxd4 21. cxd4 Nd5 22.
Qd2 Rab8 23. f4 g6 24. f5 exf5 25. Qxh6 Qe2 26. Rf3 1-0

[Event "*** Titled Tuesday Blitz"]
[Site "Chess.com"]
[Date "2018.09.04"]
[Round "8"]
[White "menor31"]
[Black "Bauxi435"]
[Result "0-1"]
[WhiteElo "2437"]
[BlackElo "2369"]
[TimeControl "180+2"]
[EndTime "15:23:32 PDT"]
[Termination "Bauxi435 won by resignation"]

1. e4 c5 2. Nf3 e6 3. c3 Nf6 4. e5 Nd5 5. d4 cxd4 6. cxd4 Bb4+ 7. Nbd2 O-O 8. a3 Be7 9. Ne4 f5 10. exf6 Nxf6 11. Bd3 Nxe4 12. Bxe4 d5 13. Bc2 Nc6 14. O-O Qb6 15. Qd3 g6 16. Bh6 Rxf3 17. Qxf3 Nxd4 18. Qd3 Qxb2 19. Rab1 Qc3 20. Qxc3 Ne2+ 21. Kh1 Nxc3 22. Rb3 d4 23. Bd3 b6 24. Re1 Bd7 25. f3 Kf7 26. Bf4 Ba4 27. Rb2 Bxa3 28. Rf2 b5 29. Be5 Bc5 30.
Rb2 a5 31. f4 Ra7 32. h4 b4 33. Bc4 Bc6 34. Bxe6+ Kxe6 35. Bxd4+ Kd5 36. Bxc5 Kxc5 37. Re5+ Bd5 38. Rd2 a4 0-1

[Event "*** Titled Tuesday Blitz"]
[Site "Chess.com"]
[Date "2018.09.04"]
[Round "8"]
[White "JSMastropiero"]
[Black "Karina_Oparina"]
[Result "0-1"]
[WhiteElo "2338"]
[BlackElo "2200"]
[TimeControl "180+2"]
[EndTime "15:23:34 PDT"]
[Termination "Karina_Oparina won by resignation"]

1. d4 Nf6 2. c4 e6 3. Nc3 Bb4 4. e3 c5 5. Ne2 cxd4 6. exd4 d5 7.
a3 Bxc3+ 8. Nxc3 dxc4 9. Bxc4 O-O 10. O-O Nbd7 11. Qd3 Nb6 12. Ba2 Nbd5 13. Bg5 h6 14.
Bxd5 hxg5 15. Bb3 e5 16. Rad1 exd4 17. Qxd4 Qxd4 18. Rxd4 Bf5 19. Rfd1 Rac8 20. h3 b6 21. Nd5 Nxd5 22. Bxd5 Rc2 23. b3 Ra2 24. a4 Rc8 25.
Bc4 Rc7 26. Rd8+ Kh7 27. R1d6 f6 28. g4 Be4 29. Re8 Ra1+ 30. Bf1 Bg6 31. Rb8 Rcc1 32.
Rdd8 Rxf1+ 33. Kg2 Be4+ 34. f3 Bxf3+ 35. Kg3 Bc6 36. h4 Rf3+ 37. Kh2 Ra2+ 38. Kg1 Rg3+ 39. Kf1 Rxb3 40. Rh8+ Kg6 41. h5+ Kf7 42. Rhf8+ Ke7 0-1

[Event "*** Titled Tuesday Blitz"]
[Site "Chess.com"]
[Date "2018.09.04"]
[Round "8"]
[White "A-Fier"]
[Black "Msb2"]
[Result "1-0"]
[WhiteElo "2767"]
[BlackElo "2830"]
[TimeControl "180+2"]
[EndTime "15:23:36 PDT"]
[Termination "A-Fier won by checkmate"]

1. e4 e6 2. d4 d5 3. Nd2 c5 4. exd5 Qxd5 5. Ngf3 cxd4 6. Bc4 Qd6 7. O-O Nf6 8. Nb3 Nc6 9. Nbxd4 Nxd4 10. Nxd4 Be7 11. Re1 O-O 12. Be3 Qc7 13. Bf1 Bd7 14. Qf3 Rfd8 15.
c4 Bd6 16. h3 e5 17. Nb3 e4 18. Qe2 Bh2+ 19. Kh1 Be5 20. Rac1 Ba4 21. Bg5 h6 22.
Be3 Rd7 23. Nc5 Bc6 24. Nxd7 Qxd7 25. Rcd1 Qf5 26. Qd2 g5 27. b4 b6 28. b5 Bb7 29.
Be2 Re8 30. a4 Bf4 31. a5 h5 32. a6 Ba8 33. Kg1 h4 34. Bg4 Qe5 35. Qd4 Qe7 36. Bxf4 gxf4 37. Qd6 Qxd6 38. Rxd6 Kg7 39. Red1 e3 40. Rd8 Nxg4 41. Rxe8 exf2+ 42. Kf1 Ne3+ 43. Rxe3 fxe3 44. Rd3 Kf6 45. Rxe3 Kf5 46. Kxf2 Kf4 47. Re8 Be4 48. Rxe4+ Kxe4 49. c5 bxc5 50. b6 c4 51. bxa7 c3 52. a8=Q+ Kd3 53. Qc6 Kd2 54. a7 c2 55. a8=Q c1=Q 56. Qd8# 1-0

[Event "*** Titled Tuesday Blitz"]
[Site "Chess.com"]
[Date "2018.09.04"]
[Round "8"]
[White "CrushingKings"]
[Black "Aklanion"]
[Result "1-0"]
[WhiteElo "2118"]
[BlackElo "2138"]
[TimeControl "180+2"]
[EndTime "15:23:38 PDT"]
[Termination "CrushingKings won by resignation"]

1. e4 c5 2. Nf3 d6 3. d4 cxd4 4. c3 dxc3 5. Nxc3 Nc6 6. Bc4 e6 7. O-O a6 8. Qe2 Be7 9. Rd1 e5 10. Ng5 Bxg5 11. Qh5 g6 12. Qxg5 Qxg5 13. Bxg5 h6 14.
Be3 b5 15. Bb3 Na5 16. Rxd6 Nxb3 17. axb3 Bb7 18. Rb6 O-O-O 19. Nd5 Rd7 20. Rbxa6 Bxa6 21. Nb6+ Kc7 22. Nxd7 Bb7 23. Nc5 Ne7 24. Ra7 Rb8 25. Na6+ Kc8 26. Nxb8 Kxb8 27. Ra5 Bc6 28. Bc5 Nc8 29.
f3 f5 30. Ra1 Kc7 31. exf5 gxf5 32. Re1 e4 33. fxe4 fxe4 34. Kf2 Bd5 35. Re3 Kc6 36.
b4 Nd6 37. Bxd6 Kxd6 38. Rh3 Ke5 39. Ke3 h5 40. Rxh5+ Kd6 1-0

[Event "*** Titled Tuesday Blitz"]
[Site "Chess.com"]
[Date "2018.09.04"]
[Round "8"]
[White "Sethu0025"]
[Black "Divertissement"]
[Result "0-1"]
[WhiteElo "2670"]
[BlackElo "2555"]
[TimeControl "180+2"]
[EndTime "15:23:40 PDT"]
[Termination "Divertissement won by resignation"]

1. e4 c5 2. Nc3 a6 3. g3 b5 4.
Bg2 Bb7 5. d3 h5 6. Nf3 e6 7.
O-O Be7 8. h4 Nf6 9. Bg5 d6 10. d4 Nxe4 11. Nxe4 Bxe4 12. dxc5 d5 13. Bxe7 Qxe7 14. b4 Nc6 15. c3 Bxf3 16. Bxf3 Qf6 17. Re1 Kf8 18. Re3 g5 19. Bxh5 gxh4 20. Bxf7 Ne5 21.
Bxe6 hxg3 22. fxg3 Qxe6 23. Qd4 Re8 24. Rf1+ Kg8 25. c6 Rh7 26. Rfe1 Nf3+ 27. Rxf3 Qxe1+ 28. Rf1 Rh1+ 29. Kxh1 Qxf1+ 30. Kh2 Re2+ 0-1

[Event "*** Titled Tuesday Blitz"]
[Site "Chess.com"]
[Date "2018.09.04"]
[Round "8"]
[White "NikolaGry"]
[Black "tony15051987"]
[Result "1-0"]
[WhiteElo "2611"]
[BlackElo "2459"]
[TimeControl "180+2"]
[EndTime "15:23:40 PDT"]
[Termination "NikolaGry won by resignation"]

1. b3 e5 2. Bb2 Nc6 3. c4 Nf6 4. e3 Be7 5. Nf3 d6 6. d4 exd4 7. Nxd4 O-O 8. Be2 Ne5 9. O-O c6 10. Nc3 Re8 11. Qc2 Bf8 12. Rad1 a5 13. Rd2 Qc7 14. Rfd1 g6 15. Qc1 Bg4 16. h3 Bxe2 17.
Ndxe2 Ned7 18. Ng3 Re6 19. Qc2 Rae8 20. Nce2 Ne4 21.
Nxe4 Rxe4 22. Qc3 f6 23. Qc2 R4e6 24. Rd4 Nc5 25. Nf4 Re4 26. R4d2 Qf7 27. Bd4 g5 28. Ne2 Nd7 29. Ng3 R4e6 30. Nf5 Qg6 31. f3 Kf7 32. e4 h5 33. g4 hxg4 34. hxg4 Be7 35. Rh2 Bd8 36. Rh6 Qg8 37. Qh2 Ne5 38. Rh7+ 1-0

[Event "*** Titled Tuesday Blitz"]
[Site "Chess.com"]
[Date "2018.09.04"]
[Round "8"]
[White "2165149677570"]
[Black "AndrewDGreen"]
[Result "1-0"]
[WhiteElo "2295"]
[BlackElo "2227"]
[TimeControl "180+2"]
[EndTime "15:23:50 PDT"]
[Termination "2165149677570 won on time"]

1. e4 c5 2. Nf3 g6 3. c3 d5 4. exd5 Qxd5 5. Na3 Bg7 6. d4 cxd4 7. Bc4 Qe4+ 8. Be3 Nh6 9. Nxd4 Qxg2 10. Rf1 O-O 11. Qd2 Ng4 12. O-O-O Nxe3 13. Qxe3 Nc6 14. Nxc6 Qxc6 15.
h4 a6 16. h5 Bf5 17. hxg6 Bxg6 18. Bd3 b5 19. Bxg6 hxg6 20. Nc2 a5 21. Kb1 b4 22.
cxb4 axb4 23. Nxb4 Qf6 24. Nd3 Rfb8 25. Rd2 Qa6 26. b3 Rxb3+ 27. Kc1 Rc8+ 28. Kd1 Rb1+ 29. Ke2 Rxf1 30. Kxf1 e6 31. Ke2 Rc3 32. Qe4 Ra3 33. Ke3 Bh6+ 34. f4 Ra4 35. Qe5 1-0

[Event "*** Titled Tuesday Blitz"]
[Site "Chess.com"]
[Date "2018.09.04"]
[Round "8"]
[White "ramses135"]
[Black "Aryangholami"]
[Result "1-0"]
[WhiteElo "2545"]
[BlackElo "2703"]
[TimeControl "180+2"]
[EndTime "15:23:53 PDT"]
[Termination "ramses135 won by resignation"]

1. e4 Nf6 2. e5 Nd5 3. d4 d6 4.
c4 Nb6 5. exd6 cxd6 6. Nc3 g6 7. a4 Bg7 8. a5 N6d7 9. Nf3 O-O 10. Be3 Nc6 11. Ra3 Nxa5 12. d5 b6 13. b4 Nb7 14.
Nd4 Ne5 15. Be2 a5 16. f4 Nd7 17. Nc6 Bxc3+ 18. Rxc3 Qe8 19. Ra3 e6 20. O-O exd5 21. cxd5 axb4 22. Rxa8 Qxe3+ 23. Kh1 Nbc5 24. Nxb4 Ne4 25.
Qe1 Ndc5 26. Bf3 Qd4 27. Nc6 Qf6 28. Bxe4 Re8 29. Qb1 Nxe4 30. Rxc8 Nf2+ 31. Rxf2 Rxc8 32. h3 Re8 33. Kh2 Qh4 34. Rf3 Re2 35. Qxb6 Qe1 36.
Qb8+ Kg7 37. Qxd6 Qd1 38. Qc5 Rd2 39. Qc3+ Kg8 40. Ne5 Qe2 41. Rg3 Rd1 42. Ng4 Qf1 43.
Re3 Qg1+ 44. Kg3 h5 45. Re8+ 1-0

[Event "*** Titled Tuesday Blitz"]
[Site "Chess.com"]
[Date "2018.09.04"]
[Round "8"]
[White "Nakachuk"]
[Black "dimke2802"]
[Result "0-1"]
[WhiteElo "2663"]
[BlackElo "2448"]
[TimeControl "180+2"]
[EndTime "15:23:53 PDT"]
[Termination "dimke2802 won by checkmate"]

1. d4 Nf6 2. Bf4 d6 3. e3 g6 4. Nf3 Bg7 5. Be2 O-O 6. O-O b6 7. a4 a6 8. h3 Bb7 9. c3 Nbd7 10. Nbd2 c5 11. Bh2 Ne4 12. Nxe4 Bxe4 13. Nd2 Bb7 14.
Bf3 Qc8 15. Re1 Rb8 16. Qe2 Bxf3 17. Nxf3 b5 18. e4 e5 19. d5 h6 20. axb5 axb5 21.
Ra7 Rb7 22. Rea1 c4 23. R7a6 Qb8 24. Nd2 Nc5 25. R6a5 Nd3 26. b4 f5 27. Kh1 h5 28.
f3 Bh6 29. exf5 gxf5 30. Nf1 Rg7 31. Qa2 Qd8 32. Ng3 Qg5 33. Ra7 Rff7 34. Rxf7 Kxf7 35. Qa7+ Kg8 36. Qb6 h4 37. Ra8+ Kh7 38. Qb8 Qc1+ 39. Bg1 Nf2+ 40. Kh2 hxg3# 0-1